 Dungeon Crawl Stone Soup version 0.29.1-15-g9cfb28693d (webtiles) character file.

Game seed: 9389541256548805279

12429 Gabide the Basher (level 12, -5/99 HPs)
             Began as a Formicid Berserker on Mar 28, 2023.
             Was a High Priest of Trog.
             Slain by a cane toad (22 damage)
             ... on level 1 of the Lair of Beasts.
             The game lasted 00:21:10 (14610 turns).

Gabide the Basher (Formicid Berserker)             Turns: 14610, Time: 00:21:11

Health: -5/99      AC:  9    Str: 32    XL:     12   Next: 20%
Magic:  12/12      EV: 15    Int:  6    God:    Trog [*****.]
Gold:   657        SH:  0    Dex: 13    Spells: 11/11 levels left

rFire   . . .      SeeInvis +   r - +2 giant club
rCold   + + .      Faith    .   (shield currently unavailable)
rNeg    + . .      Spirit   .   w - +0 robe of Ubauladaf {rElec rC++ rCorr Str+4}
rPois   .          Reflect  .   (helmet unavailable)
rElec   +          Harm     .   u - scarf {shadows}
rCorr   +          Rampage  .   e - +0 pair of gloves
Will    +....                   n - +1 pair of boots
Stlth   +.........              c - amulet of magic regeneration
HPRegen 0.26/turn               m - +4 ring of protection
MPRegen 0.53/turn               h - ring of positive energy

@: no status effects
A: permanent stasis, dig shafts and tunnels, antennae 3, four strong arms
a: Dig, Shaft Self, Renounce Religion, Trog's Hand, Brothers in Arms


You were on level 1 of the Lair of Beasts.
You worshipped Trog.
Trog was extremely pleased with you.
You visited 2 branches of the dungeon, and saw 11 of its levels.
You also visited: Ossuary.

You collected 657 gold pieces.

Inventory:

Hand Weapons
 o - a +0 giant spiked club
 r - a +2 giant club (weapon)
Missiles
 p - 6 boomerangs (quivered)
Armour
 e - a +0 pair of gloves (worn)
 g - a +0 cloak
 n - a +1 pair of boots (worn)
 u - a scarf of shadows (worn)
 w - the +0 robe of Ubauladaf (worn) {rElec rC++ rCorr Str+4}
   (You found it on level 9 of the Dungeon)

   Str:       It affects your strength (+4).
   rC:        It greatly protects you from cold.
   rElec:     It insulates you from electricity.
   rCorr:     It protects you from acid and corrosion.
 x - a +0 troll leather armour
Jewellery
 c - an amulet of magic regeneration (around neck)
 h - a ring of positive energy (right hand)
 m - a +4 ring of protection (left hand)
Wands
 a - a wand of flame (8)
 i - a wand of paralysis (4)
 y - a wand of acid (5)
Scrolls
 q - a scroll of magic mapping
 v - 2 scrolls of butterflies
 A - a scroll of torment {unknown}
Potions
 b - a potion of ambrosia {unknown}
 d - 5 potions of attraction
 f - 2 potions of flight {unknown}
 j - a potion of might
 k - 2 potions of curing
 l - 2 potions of heal wounds
 s - 4 potions of mutation
 t - a potion of magic {unknown}
 z - a potion of lignification {unknown}


   Skills:
 + Level 10.8 Fighting
 * Level 13.5 Maces & Flails
 - Level 2.1 Armour
 + Level 8.8 Dodging


You had 11 spell levels left.
You didn't know any spells.
Your spell library was empty.

Dungeon Overview and Level Annotations

Branches:
Dungeon (10/15)            Temple (0/1) D:7            Lair (1/5) D:10
    Orc (0/2) D:10        Ossuary (visited)

Altars:
Ashenzari
Dithmenos
Fedhas
Kikubaaqudgha
Nemelex Xobeh
Qazlal
Vehumet
Wu Jian
Xom
Yredelemnul
The Shining One

Shops:
D:4 *   D:8 (   D:9 (*[

Annotations:
D:9 3 runed translucent doors, EarthwalkerPL's ghost, novice MiFi


Innate Abilities, Weirdness & Mutations

You cannot be hasted, slowed, berserked, paralysed or teleported.
You can dig through walls and to a lower floor.
You have a pair of large antennae on your head. (SInv)
Your four strong arms can wield two-handed weapons with a shield.


Message History

The wolf bites you but does no damage.
You barely miss the wolf.
The wolf is moderately wounded.
The wolf bites you.
* * * LOW HITPOINT WARNING * * *
The wolf bites you but does no damage.
You miss the wolf.
The wolf is moderately wounded.
The wolf misses you.
You hit the wolf.
The wolf is heavily wounded.
The wolf closely misses you. The wolf barely misses you.
You miss the wolf.
The wolf is heavily wounded.
The wolf misses you.
A yak comes into view.
You closely miss the wolf.
The wolf is heavily wounded.
The yak bellows!
You hear a bellow!
The wolf bites you!
* * * LOW HITPOINT WARNING * * *
The wolf closely misses you.
A yak comes into view.
You hear a bellow!
The yak bellows!
You pound the wolf like an anvil!!!
You kill the wolf!
Trog accepts your kill.
You hear a bellow!
You barely miss the cane toad.
The cane toad is lightly wounded.
The cane toad closely misses you.
You sock the cane toad!
The cane toad is heavily wounded.
The cane toad stings you!
* * * LOW HITPOINT WARNING * * *
You are lethally poisoned!
The cane toad poisons you!
Unknown command.
You feel better. The cane toad stings you!!
You die...

.............##...
.........P......#
#.#.#.....[..## #
###....##...###
#..#.###....#
#..#... #....##
....#P.. #.....##
...
....###F....#...
.#.....@##.......
.......##††...#.
#....Y..........
#..Y.#...#......
.....###.....>.#
.##.. ##....... ..
.......


You could see 2 yaks and a cane toad.

Vanquished Creatures
  A two-headed ogre (D:6)
  Joseph (D:8)
  A cane toad (Lair:1)
  3 unseen horrors
  A komodo dragon (D:10)
  A troll (D:10)
  Grinder (D:3)
  A hornet (D:8)
  5 blink frogs (Lair:1)
  The ghost of Quickbrownfox the Chiller, an amateur OpIE (D:4)
  A shadow (D:10)
  Eustachio (D:6)
  Sigmund (D:3)
  A wyvern (D:9)
  16 yaks
  Grum (Lair:1)
  A steam dragon (D:8)
  An acid dragon (D:10)
  2 water moccasins
  An orc warrior (D:8)
  A sky beast (D:8)
  3 ogres
  12 wolves
  A phantom (D:10)
  An elf zombie (Ossuary)
  A kobold brigand (D:7)
  Blork the orc (D:5)
  3 bullfrogs
  3 gnoll sergeants
  A scorpion (D:4)
  12 wights
  8 killer bees (D:9)
  4 electric eels (D:10)
  8 howler monkeys
  2 lava snakes (D:9)
  2 centaur zombies (Ossuary)
  6 hounds
  2 human zombies (Ossuary)
  4 orc priests
  An iguana (D:5)
  2 jellies
  Ijyb (D:3)
  Natasha (thrice) (D:3)
  6 orc wizards
  8 ogre zombies (D:10)
  2 mummies (Ossuary)
  15 gnolls
  4 adders
  2 white imps
  2 adder zombies (Ossuary)
  3 worms
  A dart slug (D:5)
  25 orcs
  6 endoplasms
  A giant cockroach (D:1)
  6 goblins
  6 hobgoblins
  16 kobolds
  4 quokkas
  6 ball pythons
  7 bats
  3 frilled lizards
  4 goblin skeletons (D:10)
  2 goblin zombies
  9 hobgoblin zombies
  13 kobold zombies (Ossuary)
  3 orc skeletons (D:10)
  20 orc zombies
  8 rats
  3 rat zombies (Ossuary)
309 creatures vanquished.

Vanquished Creatures (collateral kills)
  A wolf (D:10)
  2 hounds (D:10)
  An orc wizard (D:10)
4 creatures vanquished.

Vanquished Creatures (others)
  2 fungi (Lair:1)
  20 plants
22 creatures vanquished.

Grand Total: 335 creatures vanquished

Notes
Turn   | Place    | Note
-------+----------+-------------------------------------------
     0 | D:1      | Gabide the Formicid Berserker began the quest for the Orb.
     0 | D:1      | Reached XP level 1. HP: 18/18 MP: 1/1
   272 | D:1      | Reached XP level 2. HP: 24/24 MP: 2/2
   751 | D:1      | Reached XP level 3. HP: 12/29 MP: 3/3
  1014 | D:1      | Reached ** piety under Trog
  1840 | D:2      | Reached XP level 4. HP: 34/37 MP: 4/4
  1873 | D:2      | Reached skill level 4 in Maces & Flails
  2474 | D:2      | Found a faded altar of an unknown god.
  2779 | D:3      | Noticed Grinder
  2835 | D:3      | Killed Grinder
  2836 | D:3      | Reached skill level 5 in Maces & Flails
  2836 | D:3      | Reached XP level 5. HP: 27/43 MP: 5/5
  2836 | D:3      | Reached XP level 6. HP: 31/49 MP: 6/6
  2991 | D:3      | Noticed Sigmund
  3005 | D:3      | Killed Sigmund
  3006 | D:3      | Reached skill level 5 in Fighting
  3006 | D:3      | Reached XP level 7. HP: 54/56 MP: 7/7
  3461 | D:3      | Noticed Natasha
  3467 | D:3      | Killed Natasha
  3706 | D:3      | Noticed Ijyb
  3719 | D:3      | Killed Ijyb
  3720 | D:3      | Reached skill level 6 in Maces & Flails
  3805 | D:3      | Noticed Natasha
  3813 | D:3      | Killed Natasha
  3939 | D:3      | Found an ancient bone altar of Kikubaaqudgha.
  3984 | D:3      | Noticed Natasha
  3998 | D:3      | Killed Natasha
  4481 | D:4      | Reached XP level 8. HP: 63/63 MP: 8/8
  4482 | D:4      | Found a sand-covered staircase.
  4502 | Ossuary  | Entered an ossuary
  4657 | Ossuary  | Reached *** piety under Trog
  4685 | Ossuary  | Reached skill level 7 in Maces & Flails
  4903 | D:4      | Found an ornate altar of the Wu Jian Council.
  5054 | D:4      | Found a runed translucent gate.
  5054 | D:4      | Noticed Quickbrownfox's ghost (amateur OpIE)
  5056 | D:4      | Found a runed translucent gate.
  5056 | D:4      | Identified the +1 ring mail of Saluitaagahe {rF+ Str+4
                  | Dex+4}
  5057 | D:4      | Found a runed translucent gate.
  5231 | D:4      | Found a radiant altar of Vehumet.
  5232 | D:4      | Found a sparkling altar of Nemelex Xobeh.
  5243 | D:4      | Found a stormy altar of Qazlal.
  5243 | D:4      | Found a shimmering altar of Xom.
  5257 | D:4      | Found a basalt altar of Yredelemnul.
  5294 | D:4      | Found Ishotyr's Overcharged Wands.
  5522 | D:5      | Entered Level 5 of the Dungeon
  5722 | D:5      | Found a shadowy altar of Dithmenos.
  6294 | D:5      | Reached skill level 8 in Maces & Flails
  6294 | D:5      | Reached skill level 5 in Dodging
  6439 | D:5      | Noticed Blork the orc
  6449 | D:5      | Killed Blork the orc
  6450 | D:5      | Reached XP level 9. HP: 67/71 MP: 9/9
  7122 | D:6      | Noticed Eustachio
  7127 | D:6      | Killed Eustachio
  7550 | D:6      | Noticed an unseen horror
  7550 | D:6      | Noticed a two-headed ogre
  7558 | D:6      | Killed a two-headed ogre
  7559 | D:6      | Reached skill level 9 in Maces & Flails
  7573 | D:6      | Killed an unseen horror
  8070 | D:7      | Reached XP level 10. HP: 76/80 MP: 10/10
  8213 | D:7      | Found a staircase to the Ecumenical Temple.
  8232 | D:7      | Reached **** piety under Trog
  8539 | D:8      | Noticed Joseph
  8546 | D:8      | Killed Joseph
  8547 | D:8      | Reached skill level 10 in Maces & Flails
  8943 | D:8      | Reached skill level 11 in Maces & Flails
  9644 | D:8      | Found Cakhiro's Weapon Boutique.
 10395 | D:9      | Found Missuhun's Antique Armour Shop.
 10488 | D:9      | Reached XP level 11. HP: 89/89 MP: 11/11
 10503 | D:9      | Found Gorauv's General Store.
 10795 | D:9      | Found a broken altar of Ashenzari.
 10884 | D:9      | Reached skill level 12 in Maces & Flails
 11106 | D:9      | Found Ygeti's Antique Weapon Emporium.
 11184 | D:9      | Found a runed translucent gate.
 11184 | D:9      | Found a runed translucent gate.
 11184 | D:9      | Found a runed translucent gate.
 11185 | D:9      | Noticed a spectral wolf spider
 11185 | D:9      | Noticed EarthwalkerPL's ghost (novice MiFi)
 11193 | D:9      | Found Omuycic's Antique Weapon Boutique.
 11333 | D:9      | Identified the +0 robe of Ubauladaf {rElec rC++ rCorr
                  | Str+4}
 11594 | D:4      | Killed Quickbrownfox's ghost
 11866 | D:10     | Entered Level 10 of the Dungeon
 11939 | D:10     | Reached ***** piety under Trog
 12157 | D:10     | Found a staircase to the Orcish Mines.
 12214 | D:10     | Found a blossoming altar of Fedhas.
 12317 | D:10     | Reached skill level 10 in Fighting
 12490 | D:10     | Found a staircase to the Lair.
 13372 | D:10     | Reached skill level 13 in Maces & Flails
 13650 | D:10     | Found a glowing golden altar of the Shining One.
 13979 | Lair:1   | Entered Level 1 of the Lair of Beasts
 14014 | Lair:1   | Reached XP level 12. HP: 24/98 MP: 12/12
 14071 | Lair:1   | Noticed Grum
 14081 | Lair:1   | Killed Grum
 14610 | Lair:1   | Slain by a cane toad

Illustrated notes

Levels and vault maps discovered:
D:1:      amcnicky_arrival_single_pillar, layout_loops_corners,
          minmay_misc_feat_chi, nicolae_titane
D:2:      layout_basic, basic_ecumenical_altar
D:3:      layout_basic, nicolae_overflow_hidden_temple, uniq_natasha,
          uniq_grinder, uniq_ijyb, uniq_sigmund
D:4:      layout_basic, nicolae_overflow_crystal_walls,
          nicolae_overflow_hallway_of_the_gods, nicolae_ossuary_entry_monument,
          biasface_ghost_orc_armoury, nicolae_shop_overcharged_wands
D:5:      layout_loops_ring, lemuel_crystal_altar, dreamdust_princess_bridge,
          uniq_blork_the_orc
D:6:      kennysheep_big_flooded_room, layout_gridville,
          dreamdust_mushroom_princess, kennysheep_generic_room_7, uniq_maggie,
          uniq_pikel, uniq_eustachio
D:7:      layout_rooms, minmay_temple_entry_glassed_door
D:8:      layout_layer_cave, serial_shops, nicolae_shop_trees, nrook_campfire,
          minmay_misc_feat_columns, uniq_joseph
D:9:      layout_big_octagon, ashenzari_altar_1, gammafunk_ghost_necromancy,
          serial_shops, shop, nicolae_shop_advertising_works
          [nicolae_subvault_shop_adworks], shop, shop
D:10:     layout_cave_pods, fedhas_altar_2, mainiacjoe_overflow_small_starburst,
          erik_lair_island, zombieorc2_lemuel, serial_bayou_ford_a
Lair:1:   layout_misc_corridors, uniq_grum

Skill      XL: |  1  2  3  4  5  6  7  8  9 10 11 |
---------------+----------------------------------+-----
Dodging        | 2 3 4 5 6 7 8 |  8.8
Maces & Flails | 5 6 8 9 11 13 | 13.5
Fighting       | 4 5 6 7 9 10 | 10.8
Armour         | |  2.1

Action                   |  1- 3 |  4- 6 |  7- 9 | 10-12 || total
-------------------------+-------+-------+-------+-------++-------
Melee: Mace              |    92 |    97 |    33 |       ||   222
       Punch             |     1 |       |     6 |       ||     7
       Club              |       |       |   269 |       ||   269
       Dire flail        |       |       |    67 |    10 ||    77
       Giant club        |       |       |       |   419 ||   419
Throw: Stone             |    10 |       |       |       ||    10
       Boomerang         |       |       |    72 |   105 ||   177
Invok: Trog's Hand       |       |     3 |     3 |     7 ||    13
       Brothers in Arms  |       |       |       |     1 ||     1
Evoke: Wand              |       |       |    20 |     7 ||    27
  Use: Scroll            |       |     7 |    10 |     5 ||    22
       Potion            |       |       |       |     9 ||     9
 Stab: Paralysed         |       |       |       |     3 ||     3
Armor: Leather armour    |    23 |    17 |    23 |    82 ||   145
       Ring mail         |       |    35 |   110 |       ||   145
       Robe              |       |       |       |   116 ||   116
Dodge: Dodged            |    51 |    74 |   184 |   527 ||   836
